 Dungeon Crawl Stone Soup version 0.17-a0-968-gf8e1f1d (webtiles) character file.

224 Gorice the Twirler (level 5, -5/33 HPs)
             Began as a Deep Elf Wanderer on May 9, 2015.
             Was a Follower of Vehumet.
             Killed by nerve-wracking pain
             ... invoked by an orc priest
              (12 damage)
             ... on level 4 of the Dungeon.
             The game lasted 00:18:26 (3601 turns).

Gorice the Twirler (Deep Elf Wanderer)              Turns: 3601, Time: 00:18:26

Health: -5/33      AC:  8    Str:  7    XL:     5   Next: 67%
Magic:  6/7        EV: 11    Int: 20    God:    Vehumet [*.....]
Gold:   177        SH:  0    Dex: 14    Spells: 2 memorised, 0 levels left

rFire  . . .     SeeInvis .     a - +0 quarterstaff
rCold  . . .     Clarity  .     j - +0 leather armour
rNeg   . . .     SustAb   +     (no shield)
rPois  .         Gourm    .     (no helmet)
rElec  .         Spirit   .     D - +0 cloak
rCorr  .         Warding  .     n - +2 pair of gloves
rMut   .         Stasis   .     r - +0 pair of boots
MR     .....                    (no amulet)
Stlth  +.........               (no ring)
                                s - ring of sustain abilities

@: not resistant to hostile enchantments, very unstealthy
A: no striking features
a: Renounce Religion


You were on level 4 of the Dungeon.
You worshipped Vehumet.
Vehumet was aware of your devotion.
You were not hungry.

You visited 1 branch of the dungeon, and saw 5 of its levels.

You collected 177 gold pieces.

Inventory:

Hand weapons
 a - a +0 quarterstaff (weapon)
 b - a +2 blowgun
 g - a +0 hand axe
 h - a +0 short sword
Missiles
 o - 16 sling bullets
 p - 12 poisoned needles
 C - 2 curare-tipped needles
 E - a tomahawk (quivered)
 Z - 96 stones
Armour
 e - a +0 robe
 j - a +0 leather armour (worn)
 n - a +2 pair of gloves (worn)
 r - a +0 pair of boots (worn)
 D - a +0 cloak (worn)
Jewellery
 s - a ring of sustain abilities (left hand)
Magical devices
 w - a wand of paralysis (0)
Scrolls
 u - 2 scrolls of identify
 v - 2 scrolls of remove curse
 z - 2 scrolls of teleportation {!r}
 A - a scroll of immolation {unknown}
Potions
 c - 3 potions of flight
 d - a potion of curing
 t - 2 potions of cancellation {!q}
 x - a potion of lignification {!q}
Books
 B - a book of Geomancy
Comestibles
 f - 3 bread rations {!e}
 i - 2 royal jellies
 m - 4 fruits
 q - a meat ration {!e}


   Skills:
 - Level 4.1 Fighting
 * Level 5.5 Staves
 - Level 1.1 Throwing
 - Level 1.2 Dodging
   Level 1.0 Shields
 - Level 1.5 Unarmed Combat
 + Level 0.0 Spellcasting


You couldn't memorise any spells.
You knew the following spells:

 Your Spells              Type           Power        Failure   Level  Hunger
a - Freeze                Ice            #...         30%         1    ##.....
b - Stone Arrow           Conj/Erth      #.....       83%         3    ####...


Dungeon Overview and Level Annotations

Branches:
Dungeon (5/15)
 Temple: D:4-7

Altars:
Ashenzari
Gozag
Vehumet

Annotations:
D:3 Grinder
D:4 pUX: orc pr, ghost!, emiel's ghost, average OgBe


Message History

The orc closely misses you.
You sock the orc!
You kill the orc!
Vehumet accepts your kill.
You barely miss the orc. The orc closely misses you.
You hit the orc.
The orc is severely wounded.
The orc closely misses you.
You barely miss the orc.
The orc is severely wounded.
The orc priest closely misses you. The orc closely misses you.
You barely miss the orc.
The orc is severely wounded.
The orc barely misses you.
The orc priest mumbles some strange prayers to Beogh against you.
Something smites you! The orc hits you.
Damage: 17 (max 17)
There is an open door here.
You hit the orc but do no damage.
The orc is severely wounded.
The orc hits you but does no damage.
You are poisoned.
Cast which spell? (? or * to list)
Aiming: Freeze
Press: ? - help, Shift-Dir - straight line, f - orc
Aim: an orc, wielding a flail of venom and wearing a ring mail (severely wounded)
You freeze the orc.
You kill the orc!
Vehumet accepts your kill.
You feel sick.
The orc priest hits you but does no damage.
Damage: 1 (max 17)
Casting: Freeze
Confirm with . or Enter, or press ? or * to list all spells.
Okay, then.
Throwing (i - inventory. (,) - cycle):
E - 2 tomahawks (quivered)
Press: ? - help, Shift-Dir - straight line, f - orc priest
Aim: an orc priest, wielding a trident and wearing a ring mail You throw a tomahawk.
The tomahawk hits the orc priest but does no damage.
You feel sick.
The orc priest mumbles some strange prayers to Beogh against you.
Something smites you!
* * * LOW HITPOINT WARNING * * *
Damage: 13 (max 17) Drink which item? (? for menu, Esc to quit)
You feel better.
The orc priest calls down the wrath of Beogh upon you.
Pain shoots through your body!
You die...

.......#....##.....##.....
..##...##...+......+......
..####'##...#......#. .
............##.....# .#
............#####'## ...
..##...##..........# ....
####...##..........##....##
#....+...........'......#
#....#....##..@).##...o.#
##...#....######o# ....#
#...#..........o##o...##
#..........o#......#
##..........'......# #.
.##.....##....## #.....#
'### #.....# .. +.....+ ..


You could see an orc priest.

Vanquished Creatures
  A giant frog skeleton (D:4)
  A hound (D:4)
  A worker ant (D:4)
  2 gnolls (D:5)
  5 adders
  An ooze (D:1)
  A worm (D:4)
  2 giant geckos
  2 orcs (D:4)
  11 bats
  A giant cockroach (D:1)
  11 goblins
  7 hobgoblins
  9 kobolds
  A quokka (D:3)
  A ball python (D:1)
  3 giant newts
  6 rats
66 creatures vanquished.

Vanquished Creatures (others)
  A goblin (D:2)
1 creature vanquished.

Grand Total: 67 creatures vanquished

Notes
Turn   | Place    | Note
--------------------------------------------------------------
     0 | D:1      | Gorice, the Deep Elf Wanderer, began the quest for the Orb.
     0 | D:1      | Gorice set off with: 2 curare-tipped needles, a +2 blowgun, a +0 quarterstaff, a potion of curing, a +0 robe, a bread ration {!e}
     0 | D:1      | Reached XP level 1. HP: 15/15 MP: 3/3
     0 | D:1      | --s6i19d14 no spells!
    37 | D:1      | Reached skill level 1 in Staves
    72 | D:1      | HP: 4/15 [giant gecko (2)]
   298 | D:1      | Reached XP level 2. HP: 20/20 MP: 4/4
   529 | D:1      | Reached skill level 2 in Staves
   760 | D:1      | Reached XP level 3. HP: 21/24 MP: 5/5
  1013 | D:2      | Reached skill level 3 in Staves
  1114 | D:2      | Found a radiant altar of Vehumet.
  1183 | D:2      | Became a worshipper of Vehumet
  1573 | D:3      | Noticed Grinder
  1679 | D:3      | Found an opulent altar of Gozag.
  1929 | D:3      | Reached XP level 4. HP: 29/29 MP: 6/6
  2247 | D:4      | Reached skill level 4 in Staves
  2292 | D:4      | Reached XP level 5. HP: 20/33 MP: 7/7
  2328 | D:4      | Reached skill level 5 in Staves
  2502 | D:4      | Noticed emiel's ghost (average OgBe)
  2845 | D:4      | Found a shattered altar of Ashenzari.
  2988 | D:5      | Entered Level 5 of the Dungeon
  3220 | D:5      | Acquired Vehumet's first power
  3220 | D:5      | Offered knowledge of Freeze by Vehumet.
  3243 | D:5      | HP: 8/33 [gnoll/halberd (3)]
  3400 | D:4      | Learned a level 1 spell: Freeze
  3469 | D:4      | Learned a level 3 spell: Stone Arrow
  3600 | D:4      | HP: 2/33 [orc priest/divine providence (12)]
  3601 | D:4      | Killed from afar by an orc priest

Action                   |  1- 3 |  4- 6 || total
-------------------------+-------+-------++-------
Melee: Quarterstaff      |    81 |    82 ||   163
 Fire: Blowgun           |     6 |       ||     6
Throw: Stone             |    13 |    13 ||    26
       Javelin           |     3 |     7 ||    10
       Tomahawk          |       |     2 ||     2
 Cast: Freeze            |       |     1 ||     1
Evoke: Wand              |       |     3 ||     3
  Use: Potion            |     1 |     1 ||     2
       Scroll            |     5 |       ||     5
  Eat: Chunk             |     3 |     4 ||     7
       Beef jerky        |       |     1 ||     1

Table legend:
 A = Turns spent in this place as a percentage of turns spent in the entire game.
 B = Non-inter-level travel turns spent in this place as a percentage of non-inter-level travel turns spent in the entire game.
 C = Inter-level travel turns spent in this place as a percentage of turns spent in this place.
 D = Turns resting spent in this place as a percentage of non-inter-level travel turns spent in this place.
 E = Turns spent auto-exploring this place as a percentage of non-inter-level travel turns spent in this place.
 F = Non-inter-level travel turns spent in this place divided by the number of levels of this place that you've seen.
                   A       B       C       D       E      F
               +-------+-------+-------+-------+-------+----------------------
         Total | 100.0 | 100.0 |   0.5 |   3.1 |   4.7 | 262.0
       Dungeon | 100.0 | 100.0 |   0.5 |   3.1 |   4.7 | 262.0
               +-------+-------+-------+-------+-------+----------------------

Vault maps used:
D:1:      dpeg_arrival_tiny_j
D:2:      fiery_altar_vehumet, first_bread
D:3:      old_standard_altar, kennysheep_small_spiral, uniq_grinder
D:4:      ashenzari_conservatory_becter, serial_shops, shop
D:5:      minmay_temple_entry_glassed_door, serial_shops, shop, shop,
          kennysheep_mini_moat, nicolae_shop_statue_plus, st_stairs_10,
          uniq_edmund, uniq_blork_the_orc
